Map: Snowy Mesa

Players

Amix - Winner!

  • Race: Zerg Zerg
  • Spawn Location: 12:00

omnissiah - Winner!

  • Race: Zerg Zerg
  • Spawn Location: 12:00

A.I. 2 (Harder)

  • Race: Terran Terran
  • Spawn Location: 6:00

A.I. 3 (Elite)

  • Race: Zerg Zerg
  • Spawn Location: 6:00

VOD

Have the link to the VOD?

Description

Time

  • Played on: Nov. 26, 2016, 5 a.m.
  • Length: 17:32
Show
View Real Time Build Order
Export as new Build Order

Amix Zerg - Winner!

Build Orders: Hatch First, Muta Ling Bane 

Get SALT Encoding   

  12  0:01  Drone  
  13  0:08  Drone  
  14  0:17  Overlord  
  14  0:24  Drone, Extractor  
  15  0:36  Drone x2  
  17  0:57  Hatchery  
  17  0:58  Drone  
  17  1:01  Extractor  
  16  1:09  Drone  
  17  1:18  Spawning Pool  
  16  1:20  Drone  
  16  1:24  Drone  
  18  1:30  Drone  
  19  1:38  Drone  
  20  1:49  Drone  
  21  1:59  Drone  
  22  2:08  Queen  
  22  2:11  Queen  
  22  2:13  Drone x2  
  22  2:15  Metabolic Boost  
  28  2:24  Overlord  
  28  2:27  Overlord  
  28  2:42  Drone  
  28  2:43  Drone x3  
  32  2:47  Baneling Nest  
  31  2:53  Drone x2  
  31  2:54  Evolution Chamber  
  32  3:03  Zergling x2  
  32  3:04  Zergling x2  
  34  3:14  Zergling x2  
  34  3:17  Queen  
  34  3:18  Queen  
  39  3:21  Zerg Melee Weapons Level 1  
  39  3:28  Drone x2  
  41  3:43  Zergling x6  
  43  3:58  Zergling x2  
  43  3:59  Overlord x5  
  38  4:25  Zergling x2  
  38  4:26  Zergling x10  
  44  4:49  Zergling x8  
  48  5:01  Drone x2  
  48  5:03  Lair  
  50  5:09  Baneling x4  
  50  5:15  Drone x7  
  50  5:20  Zerg Ground Armor Level 1  
  57  5:25  Extractor  
  57  5:27  Extractor  
  57  5:28  Drone x2  
  57  5:29  Extractor  
  57  5:35  Queen  
  56  5:40  Hatchery  
  57  5:45  Zergling x14  
  57  5:49  Hatchery  
  63  5:51  Extractor x2  
  63  5:54  Baneling x3  
  63  5:55  Baneling  
  61  6:03  Drone x6  
  67  6:19  Zergling x8  
  67  6:20  Zergling x2  
  72  6:35  Drone x5  
  77  6:54  Drone x3, Spire  
  77  6:55  Drone x2  
  77  6:57  Queen x2  
  73  7:34  Drone x2  
  73  7:35  Drone x9  
  73  7:36  Drone  
  85  7:49  Spire  
  84  7:57  Baneling  
  84  7:59  Baneling x15  
  84  8:00  Baneling x5  
  84  8:02  Zerg Melee Weapons Level 2  
  84  8:07  Zerg Flyer Weapons Level 1  
  84  8:11  Drone x4  
  88  8:40  Hatchery  
  88  8:41  Evolution Chamber  
  86  8:42  Extractor  
  86  8:43  Mutalisk, Extractor  
  86  8:44  Mutalisk x4  
  86  8:46  Infestation Pit  
  86  8:47  Overlord x5  
  93  8:49  Pneumatized Carapace  
  93  8:53  Drone x2  
  95  8:57  Centrifical Hooks  
  95  9:00  Overlord x3  
  95  9:13  Mutalisk x5  
  105  9:23  Mutalisk  
  107  9:40  Hive  
  107  9:43  Zerg Flyer Armor Level 1  
  107  10:10  Mutalisk x5  
  117  10:25  Zerg Flyer Weapons Level 2  
  117  10:32  Drone x3  
  117  10:33  Drone x8  
  128  10:51  Mutalisk x4  
  128  10:54  Hatchery  
  129  11:50  Mutalisk x4  
  129  11:51  Mutalisk x8  
  153  12:00  Zerg Flyer Armor Level 2  
  153  12:10  Overseer  
  153  12:11  Overseer x3  
  153  12:13  Overlord x6  
  153  12:46  Extractor  
  153  12:49  Extractor  
  149  13:45  Drone  
  149  13:48  Mutalisk x6  
  150  13:49  Mutalisk x9  
  180  13:55  Zerg Flyer Weapons Level 3  
  180  13:57  Zerg Ground Armor Level 2  
  180  14:33  Mutalisk x6  
  180  14:34  Mutalisk x2  
Show
View Real Time Build Order
Export as new Build Order

omnissiah Zerg - Winner!

Build Orders: Pool First 

Get SALT Encoding   

  12  0:01  Drone  
  13  0:13  Overlord  
  13  0:20  Drone  
  14  0:37  Drone x3  
  17  0:50  Drone  
  17  0:55  Spawning Pool  
  17  1:03  Drone  
  18  1:15  Hatchery  
  17  1:34  Extractor  
  17  1:36  Drone x3  
  19  1:45  Queen  
  21  1:47  Overlord  
  21  2:16  Drone x2  
  21  2:17  Extractor  
  22  2:26  Drone  
  23  2:36  Lair  
  23  2:43  Queen  
  23  2:44  Drone x2  
  27  2:50  Drone x3  
  31  3:05  Drone x5  
  35  3:30  Overlord x2  
  35  3:32  Drone  
  36  3:36  Metabolic Boost  
  36  3:47  Queen  
  38  3:57  Zergling x2  
  38  3:58  Zergling x16  
  38  4:01  Spine Crawler  
  38  4:02  Spine Crawler  
  45  4:03  Spine Crawler  
  45  4:09  Zergling x4  
  46  4:16  Spine Crawler  
  41  4:30  Queen  
  41  4:33  Drone  
  41  4:34  Drone  
  43  4:49  Drone x5  
  43  4:50  Drone  
  49  4:58  Drone x3  
  52  5:28  Spire  
  52  5:32  Queen  
  52  5:33  Hatchery  
  52  5:38  Hatchery  
  51  5:45  Drone  
  51  5:48  Extractor  
  51  5:49  Extractor  
  50  5:56  Overlord x2  
  50  5:57  Overlord  
  50  6:26  Evolution Chamber  
  49  6:36  Drone x15  
  64  7:04  Mutalisk  
  64  7:05  Mutalisk x5  
  64  7:06  Mutalisk x2  
  72  7:12  Spine Crawler  
  69  7:16  Spine Crawler  
  69  7:18  Spine Crawler  
  67  7:28  Drone x2  
  67  7:29  Drone  
  70  7:41  Overseer x2  
  70  7:43  Pneumatized Carapace  
  70  7:59  Queen  
  70  8:04  Queen  
  74  8:06  Drone x4  
  74  8:07  Drone x2, Mutalisk x3  
  74  8:08  Mutalisk  
  74  8:09  Overlord  
  74  8:11  Overlord  
  88  8:21  Zerg Flyer Weapons Level 1  
  88  8:40  Mutalisk x5  
  98  8:45  Mutalisk  
  100  8:54  Extractor  
  99  8:56  Extractor  
  99  8:59  Mutalisk  
  99  9:00  Mutalisk  
  100  9:27  Mutalisk x2  
  100  9:29  Overlord x2  
  100  9:30  Overlord x3  
  104  9:31  Overlord  
  104  9:32  Overlord  
  104  9:39  Drone, Extractor x2  
  103  10:15  Zerg Flyer Armor Level 1, Overseer x2  
  103  10:36  Mutalisk x8  
  103  10:39  Overlord  
  103  10:40  Drone, Overlord x3  
  103  10:41  Drone x4  
  103  10:42  Drone  
  124  11:26  Mutalisk  
  124  11:27  Mutalisk x4  
  134  11:43  Mutalisk x2  
  138  11:48  Drone x2  
  138  11:49  Drone x5, Overlord  
  145  11:56  Zerg Missile Weapons Level 1  
  143  12:09  Zerg Flyer Weapons Level 2  
  143  12:17  Spine Crawler  
  143  12:19  Spine Crawler  
  143  12:20  Drone  
  143  12:21  Drone x2, Spore Crawler  
  139  12:38  Spine Crawler  
  139  12:39  Spine Crawler  
  139  12:40  Spine Crawler  
  139  12:41  Spine Crawler  
  135  12:50  Hatchery  
  122  13:15  Mutalisk  
  122  13:16  Mutalisk x8  
  140  13:34  Spire  
  139  13:50  Zerg Ground Armor Level 1  
  137  14:03  Mutalisk x8  
  153  14:25  Zerg Flyer Armor Level 2  
  153  14:35  Mutalisk x5  
  157  15:16  Mutalisk x7  
  171  15:39  Mutalisk x3  
  169  16:12  Infestation Pit  
  168  17:00  Mutalisk  
  168  17:01  Mutalisk x8  
  170  17:03  Overlord x3  
Show
View Real Time Build Order
Export as new Build Order

A.I. 2 (Harder) Terran 

Build Orders: MMM Bio 

Get SALT Encoding   

  12  0:01  SCV  
  13  0:13  SCV  
  14  0:19  Supply Depot  
  14  0:25  SCV  
  15  0:41  SCV  
  16  0:42  Barracks  
  16  0:49  Refinery  
  16  0:53  SCV  
  17  1:05  SCV  
  18  1:17  SCV  
  19  1:19  Supply Depot  
  19  1:29  Marine, SCV  
  21  1:40  Barracks  
  21  1:41  Orbital Command  
  21  1:49  Refinery, Barracks Tech Lab  
  21  2:04  Factory  
  21  2:07  Marine  
  22  2:19  Supply Depot  
  22  2:25  Marauder  
  22  2:28  Marine  
  25  2:46  Marine  
  25  2:50  Hellion  
  28  2:53  Supply Depot  
  28  2:58  Marine  
  29  3:06  Marine  
  30  3:16  Marine  
  31  3:23  Supply Depot  
  31  3:24  Marine  
  32  3:33  Hellion  
  34  3:43  Marauder  
  34  3:45  SCV  
  37  3:54  Hellion  
  39  3:56  Supply Depot  
  39  3:57  SCV  
  40  4:04  Marauder  
  40  4:06  Engineering Bay  
  40  4:09  SCV  
  43  4:15  Hellion  
  45  4:21  SCV  
  46  4:25  Marauder  
  48  4:33  SCV  
  48  4:37  Hellion  
  51  4:45  SCV  
  52  4:58  Hellion  
  54  6:31  Barracks Tech Lab, Reaper  
  55  6:33  Stimpack, Terran Infantry Weapons Level 1  
  55  6:35  Factory, Factory Tech Lab  
  55  6:40  Starport  
  55  6:44  Starport  
  55  6:46  Supply Depot, Command Center  
  55  6:48  Missile Turret  
  55  6:49  Marine, Combat Shields  
  55  6:50  Missile Turret  
  56  6:55  Barracks  
  56  7:03  Marine  
  56  7:07  Marine  
  58  7:12  Supply Depot  
  58  7:14  Bunker  
  58  7:18  Starport Tech Lab  
  58  7:19  Factory Tech Lab  
  58  7:21  Marine, Starport Tech Lab  
  31  7:25  Marine  
  32  7:37  Raven  
  32  7:39  Marine  
  32  7:43  Marauder, Marine  
  38  7:56  Marine  
  38  7:58  SCV, Raven  
  41  8:01  Marine, SCV  
  41  8:04  Reaper  
  45  8:11  SCV  
  46  8:13  SCV  
  46  8:14  Refinery  
  46  8:15  Marauder  
  46  8:19  Reaper  
  50  8:22  Refinery  
  50  8:23  SCV  
  50  8:25  SCV  
  52  8:27  Terran Infantry Armor Level 1  
  52  8:35  SCV  
  52  8:36  Marine x2  
  52  8:38  SCV  
  56  8:45  Missile Turret  
  56  8:47  SCV  
  56  8:50  SCV  
  56  8:51  Reaper  
  56  8:53  Marine  
  59  8:56  Marauder, Concussive Shells  
  59  8:59  SCV  
  59  9:00  Missile Turret  
  59  9:02  SCV  
  63  9:11  Marine, SCV  
  63  9:14  SCV  
  66  9:17  Marauder  
  66  9:19  Sensor Tower  
  66  9:23  Marine, SCV  
  70  9:26  SCV, Bunker  
  70  9:30  Marauder  
  73  9:35  SCV  
  74  9:39  Marauder  
  74  9:40  Armory  
  74  9:41  Marine  
  77  9:50  Marine  
  78  10:00  Barracks Reactor  
  77  10:47  Widow Mine  
  77  10:48  Medivac  
  77  10:49  Medivac  
  83  10:52  Siege Tank  
  83  10:53  Factory  
  86  10:59  Ghost Academy, Command Center  
  86  11:06  Starport  
  86  11:08  Supply Depot  
  86  11:15  Widow Mine  
  88  11:18  Medivac, Raven  
  92  11:27  Ghost  
  92  11:30  Siege Tank  
  92  11:31  Supply Depot  
  92  11:32  Ghost  
  97  11:39  Factory Tech Lab  
  98  11:42  Starport Reactor  
  98  11:44  Siege Tank  
  101  11:47  Terran Infantry Weapons Level 2  
  101  11:49  Command Center  
  101  11:56  Supply Depot, Widow Mine  
  103  12:02  Widow Mine  
  105  12:17  Thor  
  111  12:24  Supply Depot  
  111  12:28  Terran Vehicle Weapons Level 1  
  111  12:52  Fusion Core  
  111  12:55  Engineering Bay  
  100  12:58  Armory  
  100  13:00  Marine  
  100  13:05  Marine x2  
  85  13:06  Marine  
  85  13:11  Raven  
  79  13:22  Marine  
  79  13:23  Marine, Viking  
  77  13:33  Command Center  
  48  14:07  Marine  
  45  14:10  Marine  
  39  14:25  Widow Mine  
  41  14:43  SCV  
  37  14:51  SCV  
  37  14:56  Command Center  
  26  15:29  SCV  
  23  15:46  SCV  
Show
View Real Time Build Order
Export as new Build Order

A.I. 3 (Elite) Zerg 

Build Orders: Pool First 

Get SALT Encoding   

  12  0:01  Drone  
  13  0:12  Overlord  
  13  0:17  Drone  
  14  0:30  Drone  
  15  0:38  Spawning Pool  
  15  0:40  Drone  
  15  0:45  Drone  
  15  0:49  Drone  
  17  0:52  Extractor  
  17  0:55  Drone  
  17  1:06  Drone  
  18  1:17  Drone  
  19  1:27  Queen  
  19  1:28  Zergling x2  
  19  1:30  Roach Warren  
  21  1:38  Overlord  
  21  1:49  Drone  
  22  1:59  Overlord  
  22  2:10  Roach  
  24  2:21  Roach  
  26  2:32  Roach  
  26  2:34  Roach x2, Overlord  
  32  2:43  Roach  
  34  2:54  Roach  
  36  3:05  Roach  
  38  3:06  Roach x2, Overlord  
  42  3:16  Roach  
  44  3:27  Roach  
  46  3:37  Drone  
  46  3:38  Roach x2, Overlord  
  51  3:48  Extractor  
  51  3:49  Zergling x2  
  50  4:00  Zergling x2  
  51  4:08  Lair  
  51  4:10  Drone x3  
  51  4:12  Drone  
  49  4:21  Hatchery  
  32  4:42  Roach  
  34  4:46  Roach  
  34  4:48  Drone  
  34  4:51  Drone  
  38  4:55  Drone  
  38  4:58  Drone  
  40  5:02  Roach  
  42  5:13  Roach  
  44  5:33  Drone x2  
  44  5:34  Drone x2, Hydralisk Den  
  47  5:36  Infestation Pit  
  46  5:43  Drone  
  46  5:44  Drone, Extractor  
  46  5:45  Drone  
  48  5:51  Drone  
  48  5:53  Drone  
  48  5:55  Drone  
  51  5:57  Drone  
  52  6:04  Drone  
  52  6:07  Drone  
  54  6:15  Drone  
  54  6:16  Drone, Hydralisk  
  54  6:17  Roach  
  54  6:18  Overlord  
  60  6:25  Hydralisk  
  60  6:28  Hydralisk  
  64  6:36  Drone  
  65  6:40  Drone  
  66  6:47  Infestor  
  66  6:48  Drone, Infestor, Overlord  
  66  6:52  Drone  
  72  6:58  Drone, Evolution Chamber  
  72  7:02  Drone  
  72  7:04  Evolution Chamber  
  72  7:08  Hatchery  
  71  7:09  Roach  
  71  7:15  Drone  
  74  7:19  Drone  
  74  7:21  Baneling Nest  
  70  7:25  Zerg Missile Weapons Level 1, Zergling x2  
  70  7:26  Zergling x2  
  70  7:29  Zerg Ground Armor Level 1, Roach  
  62  7:32  Roach  
  62  7:34  Roach  
  66  7:40  Drone  
  66  7:41  Drone  
  68  7:49  Overseer  
  68  7:52  Drone, Spire, Roach  
  68  7:56  Drone  
  68  7:57  Overseer  
  72  7:58  Drone  
  72  8:04  Extractor  
  71  8:06  Baneling  
  71  8:14  Roach  
  71  8:15  Overlord  
  71  8:17  Spine Crawler  
  71  8:18  Roach  
  75  8:20  Drone x2  
  75  8:23  Roach  
  75  8:24  Drone x3  
  75  8:26  Drone  
  82  8:30  Drone, Ravager  
  84  8:34  Drone  
  84  8:35  Overlord  
  84  8:41  Drone  
  85  8:45  Drone  
  85  8:46  Drone  
  87  8:49  Ravager  
  87  8:51  Drone  
  90  8:55  Drone, Overlord  
  90  8:56  Drone, Roach  
  90  8:58  Drone  
  90  9:02  Drone  
  95  9:06  Drone  
  96  9:13  Drone  
  96  9:14  Roach  
  99  9:17  Overlord  
  99  9:23  Extractor  
  98  9:26  Extractor  
  97  9:35  Drone, Corruptor, Mutalisk, Overlord  
  97  9:36  Drone, Mutalisk  
  97  9:37  Drone, Hatchery  
  105  9:48  Drone  
  105  9:49  Drone  
  105  9:50  Drone x2  
  105  9:51  Drone  
  103  9:56  Drone  
  103  9:59  Corruptor, Mutalisk  
  101  10:00  Drone, Mutalisk  
  101  10:01  Mutalisk  
  101  10:06  Mutalisk  
  104  10:10  Mutalisk  
  104  10:12  Mutalisk  
  108  10:17  Mutalisk  
  110  10:21  Overlord  
  110  10:39  Mutalisk  
  110  10:40  Drone, Overlord  
  113  10:48  Drone, Mutalisk  
  113  10:49  Drone, Hydralisk  
  119  10:56  Drone, Extractor  
  119  10:58  Drone, Overlord, Extractor  
  119  10:59  Drone x2  
  119  11:00  Drone x2  
  119  11:01  Queen  
  119  11:02  Drone x2  
  119  11:03  Drone  
  123  11:04  Drone  
  123  11:07  Drone  
  123  11:10  Drone x2  
  124  11:16  Drone  
  124  11:18  Overlord  
  125  11:20  Zergling x2  
  125  11:21  Drone  
  111  11:26  Drone  
  111  11:28  Hydralisk  
  111  11:31  Hydralisk x2  
  108  11:36  Drone  
  108  11:39  Overlord  
  107  11:42  Drone x2  
  107  11:44  Spine Crawler  
  104  11:47  Drone, Queen  
  104  11:50  Drone  
  104  11:53  Drone x2  
  99  11:58  Drone  
  99  12:01  Drone  
  101  12:03  Drone  
  101  12:08  Spire, Hydralisk  
  102  12:09  Drone  
  102  12:12  Hatchery  
  101  12:19  Overlord  
  101  12:21  Drone  
  102  12:23  Drone x2  
  102  12:25  Drone  
  102  12:26  Drone  
  102  12:28  Drone  
  107  12:30  Drone  
  107  12:34  Drone  
  103  12:37  Overseer  
  103  12:38  Drone  
  103  12:41  Drone  
  87  12:45  Roach  
  87  12:46  Roach  
  91  12:52  Drone  
  91  12:54  Roach, Overlord  
  91  12:55  Drone  
  91  12:57  Drone, Roach  
  96  13:02  Roach  
  97  13:06  Spore Crawler  
  97  13:08  Drone, Roach  
  97  13:09  Ravager, Spire  
  94  13:13  Zergling x2  
  94  13:14  Ravager  
  94  13:18  Hydralisk, Overlord  
  98  13:22  Spore Crawler  
  98  13:23  Hydralisk  
  98  13:24  Hydralisk  
  97  13:28  Hydralisk  
  97  13:29  Drone  
  97  13:30  Overseer  
  98  13:36  Drone, Roach, Overlord  
  98  13:37  Drone, Roach  
  104  13:55  Drone, Overlord  
  105  13:56  Drone x2, Hydralisk x2  
  105  13:57  Drone, Hydralisk, Spawning Pool  
  105  14:02  Hydralisk  
  107  14:13  Hydralisk  
  107  14:14  Overlord  
  107  14:15  Hydralisk  
  111  14:22  Corruptor, Mutalisk  
  111  14:23  Mutalisk  
  111  14:24  Mutalisk  
  115  14:32  Drone, Mutalisk, Overlord  
  115  14:33  Mutalisk  
  115  14:35  Mutalisk  
  114  14:40  Mutalisk  
  114  14:43  Mutalisk, Hatchery  
  117  14:46  Drone  
  117  14:48  Queen  
  117  14:50  Mutalisk  
  117  14:52  Roach Warren  
  119  14:53  Overlord  
  119  14:55  Drone, Spine Crawler  
  119  14:56  Mutalisk  
  119  14:59  Mutalisk, Spine Crawler  
  113  15:08  Overlord x2  
  113  15:13  Overlord  
  112  15:26  Hatchery  
  101  15:32  Overlord  
  101  15:34  Zergling x2  
  98  15:41  Hatchery  
  97  15:43  Mutalisk  
  97  15:45  Hydralisk  
  97  15:46  Hydralisk, Roach Warren  
  97  15:47  Mutalisk  
  85  15:51  Zergling x2  
  72  16:08  Hatchery, Overlord  
  72  16:09  Overlord  
  52  16:20  Overlord  
  52  16:21  Hatchery  
  39  16:36  Overlord  
  37  16:46  Hatchery  
  31  16:58  Overlord  
  31  17:02  Overlord  
  31  17:06  Spawning Pool  
  29  17:10  Overlord  
Tags
 
Add a new tag
Caveats
  • Supply blocks, unpowered buildings, or Contaminate may cause inaccurate times.
  • Supply counts are checked every 10 seconds.